cohdb
Replays
Latest Replays
All Replays
Popular Replays
Top Player Replays
Match Explorer
How It Works
Community
CoH3 Stats
Reddit
Sign in to upload your games and track your stats! →
Sign in with Steam
Match 43909201
Unlisted
Match 43909201
Overview
Messages
Build Orders
End
Panzergrenadier Squad
Selects Italian Infantry
250 Light Carrier
Panzergrenadier Squad
Construct Light Support Kompanie
MG34 Team
2.5-tonne Medical Truck
Selects Defensive Operations
Panzerjäger Mechanized Group
Panzerjäger Mechanized Group
Selects Territory Booby Traps
Fire Support Elements
Combat Half-tracks
Construct Panzerarmee Kommand
Walking Stuka Rocket Launcher
Walking Stuka Rocket Launcher
Panzerpioneer Squad
tower rusher
저글링
舒宰
B1t
SkyCurv
Chele
0
0
Comments
sign in to comment!
No comments posted yet!